 Dungeon Crawl Stone Soup version 0.27-a0-1324-ge0d8e047f6 (webtiles) character file.

Game seed: 1659623696916454280

2562 pokeman the Thaumaturge (level 9, 0/49 HPs)
             Began as a Deep Elf Hedge Wizard on June 23, 2021.
             Was a Follower of Vehumet.
             Slain by an orc warrior (9 damage)
             ... on level 7 of the Dungeon.
             The game lasted 00:22:41 (8967 turns).

pokeman the Thaumaturge (Deep Elf Hedge Wizard)     Turns: 8967, Time: 00:22:41

Health: 0/49       AC: 10    Str: 12    XL:     9   Next: 31%
Magic:  8/26       EV: 11    Int: 23    God:    Vehumet [*.....]
Gold:   317        SH:  5    Dex: 14    Spells: 13/30 levels left

rFire    + . .     SeeInvis .   L - +5 spear "Zocloboy" {freeze, Str+5 Stlth+}
rCold    x . .     Faith    .   (no shield)
rNeg     . . .     Spirit   .   R - +0 swamp dragon scales
rPois    +         Reflect  +   c - +0 hat
rElec    .         Harm     .   (no cloak)
rCorr    .         Rampage  .   n - +0 pair of gloves
Will     .....                  C - +0 pair of boots
Stlth    +++.......             a - amulet of reflection
HPRegen  0.16/turn              j - ring of fire
MPRegen  0.20/turn              P - ring of wizardry

@: very slightly contaminated
A: no striking features
a: Renounce Religion


You were on level 7 of the Dungeon.
You worshipped Vehumet.
Vehumet was aware of your devotion.
You visited 2 branches of the dungeon, and saw 8 of its levels.

You collected 317 gold pieces.

Inventory:

Hand Weapons
 D - a +0 trident of venom
 L - the +5 spear "Zocloboy" (weapon) {freeze, Str+5 Stlth+}
   (You found it on level 6 of the Dungeon)

   It has been specially enchanted to freeze those struck by it, causing extra
   injury to most foes and up to half again as much damage against particularly
   susceptible opponents.
   It can also slow down cold-blooded creatures.
   It affects your strength (+5).
   It makes you more stealthy.
Missiles
 e - 60 arrows
 F - 6 atropa-tipped darts
 N - 13 bolts
Armour
 c - a +0 hat (worn)
 n - a +0 pair of gloves (worn)
 C - a +0 pair of boots (worn)
 R - +0 swamp dragon scales (worn)
Magical Staves
 Q - a staff of fire
Jewellery
 a - an amulet of reflection (around neck)
 j - a ring of fire (left hand)
 m - a +6 ring of dexterity
 o - a ring of resist corrosion
 M - a ring of flight
 P - a ring of wizardry (right hand)
Wands
 s - a wand of flame (14)
 H - a wand of mindburst (10)
Scrolls
 b - 3 scrolls of magic mapping {unknown}
 d - a scroll of fear {unknown}
 f - 9 scrolls of identify {unknown}
 i - 2 scrolls of fog {unknown}
 p - a scroll of enchant weapon {unknown}
 q - a scroll of immolation {unknown}
 r - 4 scrolls of teleportation {unknown}
 v - a scroll of acquirement {unknown}
 y - a scroll of summoning {unknown}
 z - a scroll of noise {unknown}
 A - a scroll of holy word {unknown}
 B - a scroll of vulnerability {unknown}
 E - a scroll of enchant armour {unknown}
 I - a scroll of torment {unknown}
 J - a scroll of silence {unknown}
 K - a scroll of amnesia {unknown}
Potions
 h - 5 potions of curing {unknown}
 k - 2 potions of magic {unknown}
 l - 2 potions of flight {unknown}
 t - a potion of cancellation {unknown}
 u - a potion of might {unknown}
 w - a potion of ambrosia {unknown}
 x - a potion of berserk rage {unknown}
 G - 4 potions of heal wounds {unknown}
 O - 2 potions of lignification {unknown}


   Skills:
 + Level 2.8 Fighting
 - Level 3.0 Armour
 - Level 3.1 Dodging
 - Level 3.0 Stealth
 * Level 11.2 Spellcasting
 + Level 6.1 Conjurations
 - Level 1.1 Summonings
 - Level 1.1 Translocations
 + Level 5.1 Fire Magic
 - Level 1.1 Air Magic
 - Level 1.0 Poison Magic
 - Level 1.1 Evocations


You had 13 spell levels left.
You knew the following spells:

 Your Spells              Type           Power      Damage    Failure   Level
a - Magic Dart            Conj           100%       1d8       1%          1
b - Mephitic Cloud        Conj/Pois/Air  25%        N/A       4%          3
c - Call Imp              Summ           18%        N/A       4%          2
d - Blink                 Tloc           N/A        N/A       4%          2
e - Conjure Flame         Conj/Fire      55%        6-21      1%          3
f - Shock                 Conj/Air       100%       1d9       1%          1
g - Lightning Bolt        Conj/Air       14%        1d28      26%         5

Your spell library contained the following spells:

 Spells                   Type           Power      Damage    Failure   Level
 Sandblast                Erth           24%        2d8       4%          1
 Static Discharge         Conj/Air       29%        N/A       1%          2
 Corpse Rot               Necr/Air       N/A        N/A       5%          2
 Slow                     Hex            12%        N/A       6%          2
 Gell's Gravitas          Tloc           9%         N/A       9%          3
 Swiftness                Air            18%        N/A       9%          3
 Teleport Other           Tloc           18%        N/A       9%          3
 Frozen Ramparts          Ice            24%        1d4       13%         3
 Airstrike                Air            9%         N/A       26%         4
 Passage of Golubria      Tloc           N/A        N/A       26%         4
 Dispersal                Tloc           9%         N/A       98%         6
 Ozocubu's Refrigeration  Ice            6%         4d6       100%        7
 Polar Vortex             Ice            6%         N/A       100%        9


Dungeon Overview and Level Annotations

Branches:
Dungeon (7/15)             Temple (1/1) D:4

Altars:
Ashenzari
Cheibriados
Elyvilon
Fedhas
Hepliaklqana
Kikubaaqudgha
Makhleb
Nemelex Xobeh
Okawaru
Qazlal
Sif Muna
Trog
Vehumet
Wu Jian
Xom
Yredelemnul
Zin

Shops:
D:3 *


Message History

Aim: an orc warrior, wielding a +0 halberd and wearing a +0 plate armour (moderately wounded, chance to affect: 81%)
The ball explodes into a vile cloud!
The stinking cloud engulfs the orc warrior but does no damage.
The orc warrior is moderately wounded.
You hear a shout! x4
The orc warrior is engulfed in noxious fumes.
The orc warrior appears confused.
Unknown command.
Reach: L) +5 spear "Zocloboy" {freeze, Str+5 Stlth+}
Press: ? - help, Dir - move target, f/p - orc warrior
Aim: an orc warrior, wielding a +0 halberd and wearing a +0 plate armour (noxious fumes, moderately wounded, confused, about 18% to evade the +5 spear "Zocloboy")
You hit the orc warrior. You freeze the orc warrior.
The orc warrior is heavily wounded.
The orc warrior is engulfed in noxious fumes.
The orc warrior appears confused.
Unknown command.
Reach: L) +5 spear "Zocloboy" {freeze, Str+5 Stlth+}
Press: ? - help, Dir - move target, f/p - orc warrior
Aim: an orc warrior, wielding a +0 halberd and wearing a +0 plate armour (noxious fumes, heavily wounded, confused, about 18% to evade the +5 spear "Zocloboy")
You hit the orc warrior but do no damage.
The orc warrior is heavily wounded.
The orc warrior is engulfed in noxious fumes.
The orc warrior appears confused.
The orc warrior barely misses you.
An orc priest comes into view. It is wielding a +0 dagger.
Unknown command.
Reach: L) +5 spear "Zocloboy" {freeze, Str+5 Stlth+}
Press: ? - help, Dir - move target, f/p - orc warrior
Aim: an orc warrior, wielding a +0 halberd and wearing a +0 plate armour (noxious fumes, heavily wounded, confused, about 18% to evade the +5 spear "Zocloboy")
You hit the orc warrior. You freeze the orc warrior.
The orc warrior is severely wounded.
The orc priest invokes the aid of Beogh against you.
Beogh smites you!
* * * LOW HITPOINT WARNING * * *
The orc warrior is engulfed in noxious fumes.
The orc warrior appears confused.
An orc priest comes into view. It is wielding a +0 club.
The orc priest casts a cantrip, but nothing happens.
The orc warrior is engulfed in noxious fumes.
The orc warrior hits you with a +0 halberd!
You die...

..+.o..#.........#
..#..oY#.........#
..#....#.........#
..#....#.........#
#..o.'.........#
#....#.o..###)#
#....#.o..###.##+##
#....#......°)....#
#....#......°o@...#
#....#.##..##..####
..#######..##+##
... #...# #...#
#...# #..##


You could see an orc warrior (confused) and 2 orc priests.

Vanquished Creatures
  Maggie (D:6)
  Grinder (D:5)
  A sky beast (D:5)
  An orc warrior (D:5)
  A necrophage (D:6)
  2 ice beasts
  A black bear (D:6)
  4 ogres
  A gnoll sergeant (D:7)
  2 scorpions
  3 hounds
  A bullfrog zombie (D:5)
  2 centaur skeletons
  5 orc priests
  2 bullfrog skeletons
  A jelly (D:5)
  6 iguanas
  5 orc wizards
  A killer bee zombie (D:5)
  12 gnolls
  A howler monkey skeleton (D:6)
  7 adders
  A white imp (D:5)
  An ufetubus (D:6)
  2 worms
  28 orcs
  3 ball pythons
  3 endoplasms
  3 giant cockroaches
  2 hobgoblins (D:1)
  6 jackals
  8 quokkas
  7 bats
  A frilled lizard (D:1)
  11 goblins
  6 kobolds
  A rat (D:1)
144 creatures vanquished.

Vanquished Creatures (collateral kills)
  A black bear (D:6)
  A gnoll (D:7)
  An orc (D:6)
3 creatures vanquished.

Vanquished Creatures (others)
  9 plants
9 creatures vanquished.

Grand Total: 156 creatures vanquished

Notes
Turn   | Place    | Note
-------+----------+-------------------------------------------
     0 | D:1      | pokeman the Deep Elf Hedge Wizard began the quest for the
                  | Orb.
     0 | D:1      | Reached XP level 1. HP: 10/10 MP: 7/7
   290 | D:1      | Reached XP level 2. HP: 15/16 MP: 1/9
  1006 | D:1      | Reached skill level 5 in Spellcasting
  1593 | D:2      | Found a sparkling altar of Nemelex Xobeh.
  1611 | D:2      | Reached XP level 3. HP: 20/20 MP: 9/11
  1615 | D:2      | Learned a level 3 spell: Mephitic Cloud
  1618 | D:2      | Learned a level 2 spell: Call Imp
  1621 | D:2      | Learned a level 2 spell: Blink
  1625 | D:2      | Learned a level 3 spell: Conjure Flame
  1847 | D:2      | Reached skill level 1 in Fighting
  1847 | D:2      | Reached skill level 1 in Armour
  2279 | D:2      | Reached XP level 4. HP: 25/25 MP: 9/13
  2743 | D:2      | Reached skill level 1 in Fire Magic
  2945 | D:3      | Noticed a scorpion
  2952 | D:3      | Killed a scorpion
  2953 | D:3      | Reached skill level 6 in Spellcasting
  2953 | D:3      | Reached XP level 5. HP: 29/29 MP: 11/15
  2985 | D:3      | Reached skill level 1 in Air Magic
  3424 | D:3      | Reached XP level 6. HP: 28/34 MP: 12/17
  3436 | D:3      | Reached skill level 1 in Poison Magic
  4000 | D:3      | Found Posseape's Assorted Antiques.
  4470 | D:4      | Reached skill level 7 in Spellcasting
  4750 | D:4      | Reached XP level 7. HP: 39/39 MP: 5/20
  5193 | D:4      | Found a staircase to the Ecumenical Temple.
  5202 | Temple   | Entered the Ecumenical Temple
  5444 | D:4      | You fall into a shaft and drop 3 floors!
  5445 | D:7      | Found a bloodstained altar of Trog.
  5445 | D:7      | Found an ornate altar of the Wu Jian Council.
  5445 | D:7      | Found a glowing silver altar of Zin.
  5445 | D:7      | Found a burning altar of Makhleb.
  5465 | D:7      | Found a radiant altar of Vehumet.
  5478 | D:7      | Reached skill level 8 in Spellcasting
  5487 | D:7      | HP: 1/40 [gnoll (5)]
  5508 | D:7      | Became a worshipper of Vehumet
  5960 | D:5      | Entered Level 5 of the Dungeon
  5973 | D:5      | Reached XP level 8. HP: 20/44 MP: 13/22
  6176 | D:5      | Reached skill level 9 in Spellcasting
  6633 | D:5      | Reached * piety under Vehumet
  6633 | D:5      | Offered knowledge of Sandblast by Vehumet.
  6700 | D:5      | Learned a level 1 spell: Shock
  6706 | D:5      | Learned a level 5 spell: Lightning Bolt
  6722 | D:5      | Reached skill level 5 in Conjurations
  6829 | D:5      | Reached skill level 1 in Evocations
  6874 | D:5      | Noticed Grinder
  6897 | D:5      | Paralysed by Grinder for 2 turns
  6899 | D:5      | Killed Grinder
  6900 | D:5      | Reached skill level 10 in Spellcasting
  7190 | D:4      | Identified the Disquisition on the Feathery Voyage
  8094 | D:6      | Identified the +5 spear "Zocloboy" {freeze, Str+5 Stlth+}
  8097 | D:6      | Noticed Maggie
  8252 | D:6      | Identified the Handbook of Lightness and Ice
  8303 | D:6      | Reached XP level 9. HP: 44/48 MP: 10/25
  8812 | D:6      | Killed Maggie
  8813 | D:6      | Reached skill level 11 in Spellcasting
  8813 | D:6      | Reached skill level 5 in Fire Magic
  8967 | D:7      | Slain by an orc warrior

Illustrated notes

Levels and vault maps discovered:
D:1:      wheals_arrival_shading, layout_basic
D:2:      layout_basic, basic_altar, minivault_5, kennysheep_nondescript
D:3:      minmay_evil_eye, layout_basic, serial_shops, shop, chequers_big_river
D:4:      wad_woods_tower, layout_cave_pods, minmay_temple_entry_large_hall
D:5:      layout_cave_pods, nrook_mini_vaults, uniq_grinder
D:6:      layout_loops_ring, uniq_maggie
D:7:      layout_gridville, grunt_temple_overflow_open,
          overflow_temple_1_default
Temple:   minmay_temple_bridge_abc

Skill      XL: |  1  2  3  4  5  6  7  8  9 |
---------------+----------------------------+-----
Spellcasting   | 5 6 7 8 10 11 | 11.2
Fighting       | 1 2 |  2.8
Armour         | 1 3 |  3.0
Conjurations   | 2 3 4 5 6 |  6.1
Fire Magic     | 1 2 3 4 5 |  5.1
Dodging        | 3 |  3.1
Air Magic      | 1 |  1.1
Stealth        | 3 |  3.0
Poison Magic   | 1 |  1.0
Evocations     | 1 |  1.1
Summonings     | |  1.1
Translocations | |  1.1

Action                   |  1- 3 |  4- 6 |  7- 9 || total
-------------------------+-------+-------+-------++-------
Melee: Dagger            |    15 |       |    37 ||    52
       Scimitar          |     2 |    24 |    13 ||    39
       Trident           |       |       |    20 ||    20
       Spear             |       |       |    25 ||    25
 Cast: Magic Dart        |    99 |    80 |    94 ||   273
       Mephitic Cloud    |       |     8 |    23 ||    31
       Conjure Flame     |       |     3 |    15 ||    18
       Call Imp          |       |       |     5 ||     5
       Blink             |       |       |     1 ||     1
       Shock             |       |       |    48 ||    48
       Lightning Bolt    |       |       |     1 ||     1
Evoke: Wand              |       |       |     4 ||     4
 Stab: Confused          |       |     5 |    16 ||    21
Armor: Robe              |     1 |       |       ||     1
       Leather armour    |     6 |     7 |    17 ||    30
       Swamp dragon scal |       |       |     4 ||     4
Dodge: Dodged            |    27 |    21 |    67 ||   115
Block: Other             |     1 |     9 |    24 ||    34
       Rpst.: Scimitar   |     1 |     9 |     7 ||    17

Table legend: (Time is in decaauts)
 A = Elapsed time spent in this place.
 B = Non-inter-level travel time spent in this place.
 C = Inter-level travel time spent in this place.
 D = Time resting spent in this place.
 E = Time spent auto-exploring this place.
 F = Levels seen in this place.
 G = Mean time per level.
                   A        B        C        D        E       F      G
               +--------+--------+--------+--------+--------+-----+--------+
         Total |   9007 |   8828 |    179 |    834 |   6768 |   8 | 1125.9 |
       Dungeon |   8804 |   8647 |    157 |    834 |   6589 |   7 | 1257.7 |
        Temple |    202 |    180 |     22 |      0 |    179 |   1 |  202.0 |
               +--------+--------+--------+--------+--------+-----+--------+

Top non-repeatable levels by time:
     D:2: 1621 daAuts
     D:1: 1573 daAuts
     D:5: 1567 daAuts
     D:4: 1403 daAuts
     D:3: 1242 daAuts
     D:6: 1150 daAuts
     D:7: 245 daAuts
  Temple: 202 daAuts
